[Event "LEM Niedersachsen-A-Open 2025"]
[Site "Verden"]
[Date "2025.01.05"]
[Round "7.1"]
[White "Weigand, Anton"]
[Black "Laubsch, Bernd"]
[Result "1/2-1/2"]
[ECO "B22"]
[WhiteElo "2092"]
[BlackElo "2215"]
[Annotator "TA"]
[PlyCount "49"]
[EventDate "2024.12.27"]
[EventType "swiss"]
[EventCountry "GER"]
[SourceTitle "playchess.com"]
[Source "ChessBase"]
[SourceQuality "1"]
[TimeControl "40/5400+30:1800+30"]

1. e4 c5 2. c3 Nf6 3. e5 Nd5 4. Bc4 e6 5. Nf3 d6 6. d4 Be7 7. O-O O-O 8. Qe2 b6 9. Rd1 (9. Bd3 {feels hotter.} Nc6 10. Qe4 g6 11. Bh6) 9... cxd4 10. cxd4 Bb7 11. Bxd5 Bxd5 12. Nc3 Bxf3 13. Qxf3 d5 14. Qg3 {[%emt 0:01:16] Bh6 would now be deadly.} Kh8 15. Ne2 Nc6 {[%emt 0:08:54] The position is equal.} 16. Bd2 Rc8 17. Rac1 Qd7 18. h4 Rc7 19. h5 h6 20. Qf3 Kg8 21. Qg4 Kh7 22. Rc3 Rfc8 23. Rdc1 Bf8 24. Qf3 Nd8 25. Qd3+ {[%emt 0:02:56] A rather calm draw.   Weighted Error Value: White=0.07 (flawless) /Black=0.06 (flawless) .  Inaccurate:     	White=1     	Black=1      OK:         	White=6     	Black=8} 1/2-1/2

[Event "LEM Niedersachsen-A-Open 2025"]
[Site "Verden"]
[Date "2025.01.05"]
[Round "7.2"]
[White "Burkhardt, Holger"]
[Black "Stotyn, Fabian"]
[Result "0-1"]
[ECO "B29"]
[WhiteElo "2092"]
[BlackElo "2123"]
[Annotator "TA"]
[PlyCount "98"]
[EventDate "2024.12.27"]
[EventType "swiss"]
[EventCountry "GER"]
[SourceTitle "playchess.com"]
[Source "ChessBase"]
[SourceQuality "1"]
[TimeControl "40/5400+30:1800+30"]

1. e4 c5 2. Nf3 Nf6 3. Nc3 d5 4. Bb5+ Bd7 5. e5 Bxb5 6. Nxb5 Ng8 (6... Qd7 $11) 7. e6 $1 $16 f6 (7... fxe6 $16 {might work better.} 8. Ng5 Qb6) 8. d4 Qb6 (8... Nc6 $16) 9. Qe2 (9. c4 $1 $18 Qxe6+ 10. Be3) 9... a6 10. Nc3 cxd4 11. Nb1 (11. Nxd4 $16 Qxd4 12. Be3) 11... Nc6 12. O-O g6 13. c3 dxc3 (13... Bg7 $11) 14. Nxc3 $14 d4 15. Nd5 {[%emt 0:02:59][%mdl 1024] White has compensation.} Qa5 $1 16. Nf4 $1 Rd8 17. Bd2 Qb5 (17... Qf5 $11) 18. Nd3 $16 Bh6 19. b4 Bxd2 20. Qxd2 Qd5 21. Rfe1 Rd6 (21... Kf8 $14) 22. Rad1 (22. Nc5 $16) 22... Rxe6 $11 23. Rxe6 Qxe6 24. Nc5 Qc8 (24... Qc4 $11) 25. Nxd4 $16 Nxd4 26. Qxd4 Nh6 27. Qd5 (27. Nxb7 $1 $16 {aiming for Nc5.} O-O 28. Nc5) 27... b6 $2 (27... Nf7 $14) 28. Ne6 $2 (28. Nd7 $18 {is the precise move to win.}) 28... Nf7 29. Ng7+ Kf8 30. Ne6+ Ke8 31. b5 a5 32. h4 Nd6 33. h5 (33. a4 $14) 33... Qb7 (33... Rg8 $11 {keeps the balance.}) 34. Ng7+ (34. Qd3 $1 $16) 34... Kf8 $11 35. Ne6+ (35. Qxb7 $11 Nxb7 36. Rd7 (36. Ne6+ Ke8 $17)) 35... Ke8 $16 {[%emt 0:00:04] [#]} 36. Qd3 $1 gxh5 ({Black should try} 36... Qc8 37. Re1 (37. Qd5 Rg8 $14) 37... Rg8) 37. Ng7+ ({White should try} 37. Rc1 $16) 37... Kf7 $11 38. Nxh5 Qe4 39. Qb3+ Qc4 {[%emt 0:00:37][%cal Oc4b3] ...Qxb3! is the strong threat.} 40. Qh3 (40. Qf3 $5 Qe4 (40... Nxb5 41. Nf4 $11) (40... Qxb5 $2 41. Rxd6 Rc8 42. Rd1 $18) 41. Qb3+ Qc4 42. Qf3 $11) 40... Qxb5 ({Much weaker is} 40... Qxa2 $6 41. Nf4 $11) (40... Qe2 $15 41. Qb3+ Qe6) 41. Nf4 Qe5 42. Qb3+ Ke8 43. Qxb6 Rg8 $36 {[%emt 0:01:51][%mdl 2048] Black has good play.} 44. Qb8+ Kf7 45. Qb3+ Kg7 46. Nd5 Kh8 47. Ne3 Qf4 (47... Rg5 $15) 48. Qe6 (48. g3 $11 Qe4 49. Qd5) 48... Ne4 $17 49. Rf1 $2 {[%emt 0:00:13][%mdl 8192] [#]} (49. Qf5 $17 Nxf2 50. Qxf4 Nh3+ (50... Nxd1 $2 {is the wrong capture.} 51. Nxd1 Rc8 52. Ne3 $18) 51. Kf1 Nxf4 52. Rd7) 49... Ng5 $1 0-1

[Event "LEM Niedersachsen-A-Open 2025"]
[Site "Verden"]
[Date "2025.01.05"]
[Round "7.3"]
[White "Becker, Stefan"]
[Black "Hilker, Bjoern"]
[Result "1-0"]
[ECO "D02"]
[WhiteElo "2036"]
[BlackElo "1993"]
[Annotator "RC"]
[PlyCount "85"]
[EventDate "2024.12.27"]
[EventType "swiss"]
[EventCountry "GER"]
[SourceTitle "playchess.com"]
[Source "ChessBase"]
[SourceQuality "1"]
[TimeControl "40/5400+30:1800+30"]

1. Nf3 d5 2. g3 c5 3. Bg2 Nc6 4. d4 cxd4 5. Nxd4 e5 6. Nxc6 bxc6 7. O-O Rb8 8. c4 Nf6 9. Nc3 d4 10. Bxc6+ Bd7 11. Bxd7+ Qxd7 12. Na4 Qh3 13. f3 Bd6 14. Rf2 h6 15. e3 O-O 16. exd4 exd4 17. b3 Rfe8 18. Bb2 Rbd8 19. Qf1 Qf5 20. Rd1 d3 21. Rfd2 Bc5+ 22. Nxc5 Qxc5+ 23. Kg2 Re6 24. Bxf6 gxf6 25. Rxd3 Rde8 26. Rd8 Qa5 27. Rxe8+ Rxe8 28. Qf2 Re5 29. Rd2 Qc3 30. Re2 Ra5 31. Qf1 Rf5 32. Re4 Qc2+ 33. Qe2 Qc3 34. Rg4+ Kf8 35. Re4 Ra5 36. Qf2 Qa1 37. Re2 Qc3 38. Rc2 Qb4 39. Qd2 Qb6 40. Qxh6+ Kg8 41. Re2 Qc6 42. h4 Rf5 43. Re4 1-0

[Event "LEM Niedersachsen-A-Open 2025"]
[Site "Verden"]
[Date "2025.01.05"]
[Round "7.4"]
[White "Scheffner, Jarno"]
[Black "Kieselbach, Marvin"]
[Result "1/2-1/2"]
[ECO "B67"]
[WhiteElo "1925"]
[BlackElo "2008"]
[Annotator "RC"]
[PlyCount "80"]
[EventDate "2024.12.27"]
[EventType "swiss"]
[EventCountry "GER"]
[SourceTitle "playchess.com"]
[Source "ChessBase"]
[SourceQuality "1"]
[TimeControl "40/5400+30:1800+30"]

1. e4 c5 2. Nf3 Nc6 3. d4 cxd4 4. Nxd4 Nf6 5. Nc3 d6 6. Bg5 e6 7. Qd2 a6 8. O-O-O Bd7 9. h4 Be7 10. f3 Nxd4 11. Qxd4 Qc7 12. g4 O-O 13. h5 h6 14. Bh4 b5 15. a3 Rfc8 16. g5 hxg5 17. Bxg5 Qc5 18. Qxc5 Rxc5 19. f4 Bc6 20. Rd3 Rc8 21. Rh2 a5 22. h6 g6 23. h7+ Kg7 24. h8=Q+ Rxh8 25. Rxh8 Kxh8 26. b4 axb4 27. axb4 Rxg5 28. fxg5 Nxe4 29. Nxe4 Bxe4 30. Rg3 Bc6 31. Kb2 Kg7 32. Rc3 Bd5 33. Rc7 Bxg5 34. Bxb5 e5 35. Rd7 Be6 36. Rxd6 Be7 37. Rxe6 fxe6 38. Kc3 Bd6 39. Bc6 Kf6 40. b5 Bc5 1/2-1/2

[Event "LEM Niedersachsen-A-Open 2025"]
[Site "Verden"]
[Date "2025.01.05"]
[Round "7.5"]
[White "Reimer, Philip"]
[Black "Bundan, Edward"]
[Result "1/2-1/2"]
[ECO "B33"]
[WhiteElo "2131"]
[BlackElo "1822"]
[Annotator "TA"]
[PlyCount "47"]
[EventDate "2024.12.27"]
[EventType "swiss"]
[EventCountry "GER"]
[SourceTitle "playchess.com"]
[Source "ChessBase"]
[SourceQuality "1"]
[TimeControl "40/5400+30:1800+30"]

1. e4 c5 2. Nf3 Nc6 3. d4 cxd4 4. Nxd4 Nf6 5. Nc3 e5 6. Ndb5 d6 7. a4 a6 8. Na3 Be6 9. Bc4 Nxe4 10. Nxe4 ({White should play} 10. Bxe6 $14 Nxc3 11. Bxf7+ Kxf7 12. bxc3) 10... d5 $15 11. Bg5 Qd7 12. Bd3 dxe4 13. Bxe4 Bc5 14. Qxd7+ Kxd7 15. c3 Bb3 16. Bc2 Bxa3 (16... Na5 $11 {remains equal.}) 17. O-O-O+ $16 ({Much weaker is} 17. Bxb3 $6 Bxb2 18. Rd1+ Kc7 $11) 17... Bd6 18. Bxb3 f6 19. Be3 {[%emt 0:00:49] Bc5 is the strong threat.} Kc7 20. Bd5 a5 21. g3 Rad8 22. Kc2 {[%emt 0:01:36] White is more active. Black is weak on the light squares} b6 23. Be4 {[%emt 0:02:26] A strong pair of Bishops.} Ne7 {[%emt 0:01:38] Inhibits Rd5.} 24. Rd2 1/2-1/2

[Event "LEM Niedersachsen-A-Open 2025"]
[Site "Verden"]
[Date "2025.01.05"]
[Round "7.6"]
[White "Lebiedz, Oliver"]
[Black "Hoellman, Ludger"]
[Result "1-0"]
[ECO "B12"]
[WhiteElo "1939"]
[BlackElo "2026"]
[Annotator "RC"]
[PlyCount "55"]
[EventDate "2024.12.27"]
[EventType "swiss"]
[EventCountry "GER"]
[SourceTitle "playchess.com"]
[Source "ChessBase"]
[SourceQuality "1"]
[TimeControl "40/5400+30:1800+30"]

1. e4 c6 2. d4 d5 3. e5 c5 4. Nf3 cxd4 5. Qxd4 Nc6 6. Qf4 e6 7. Bd3 Nb4 8. Nc3 Nxd3+ 9. cxd3 Ne7 10. h4 h5 11. Ne2 Nf5 12. Bd2 Bd7 13. Ned4 Nxd4 14. Nxd4 Qb6 15. O-O Be7 16. b4 O-O 17. Be3 Qa6 18. Rfd1 f6 19. Qg3 Ba4 20. b5 Bxb5 21. a4 Bd7 22. Rab1 Qxa4 23. Rdc1 Rac8 24. Rxb7 Rxc1+ 25. Bxc1 fxe5 26. Nxe6 Rf7 27. Rb8+ Bf8 28. Rxf8+ 1-0

[Event "LEM Niedersachsen-A-Open 2025"]
[Site "Verden"]
[Date "2025.01.05"]
[Round "7.7"]
[White "Thomas, Jeremy"]
[Black "Boerma, Daniel"]
[Result "0-1"]
[ECO "C02"]
[WhiteElo "1935"]
[BlackElo "1958"]
[Annotator "RC"]
[PlyCount "44"]
[EventDate "2024.12.27"]
[EventType "swiss"]
[EventCountry "GER"]
[SourceTitle "playchess.com"]
[Source "ChessBase"]
[SourceQuality "1"]
[TimeControl "40/5400+30:1800+30"]

1. e4 e6 2. d4 d5 3. e5 c5 4. c3 Bd7 5. Nf3 Qb6 6. Bd3 Bb5 7. O-O Bxd3 8. dxc5 Bxc5 9. Qxd3 Nd7 10. Nbd2 Qc7 11. Re1 Ne7 12. b4 Bb6 13. c4 a5 14. Ba3 axb4 15. Bxb4 Bc5 16. a3 Bxb4 17. axb4 O-O 18. cxd5 Nxd5 19. Ng5 g6 20. Qh3 h5 21. Nxe6 Rxa1 22. Rxa1 Qxe5 0-1

[Event "LEM Niedersachsen-A-Open 2025"]
[Site "Verden"]
[Date "2025.01.05"]
[Round "7.8"]
[White "Renner, Kai"]
[Black "Moeller, Jonas"]
[Result "1/2-1/2"]
[ECO "C88"]
[WhiteElo "2080"]
[BlackElo "1934"]
[Annotator "NA RC"]
[PlyCount "48"]
[EventDate "2024.12.27"]
[EventType "swiss"]
[EventCountry "GER"]
[SourceTitle "playchess.com"]
[Source "ChessBase"]
[SourceQuality "1"]
[TimeControl "40/5400+30:1800+30"]

1. e4 e5 2. Nf3 Nc6 3. Bb5 a6 4. Ba4 Nf6 5. O-O Be7 6. Re1 b5 7. Bb3 O-O 8. a4 b4 9. d4 d6 10. dxe5 dxe5 11. Nbd2 {[%emt 0:02:07] C88: Closed Ruy Lopez: Anti-Marshall Systems.} Bc5 12. a5 {[%emt 0:01:33] has lost popularity (12.Qe2).} Bg4 13. h3 Bh5 14. g4 Bg6 15. Qe2 Nd4 16. Nxd4 $146 ({Predecessor:} 16. Qc4 Nd7 17. Ba4 Ba7 18. Qxb4 Nc5 19. Qc4 Nxe4 20. Rxe4 Bxe4 21. Nxd4 Bd5 22. Nc6 {0-1 Phatak,A (2189)-Wang,Y (2435) Belgrade Serbia op 2024 (4)}) 16... Qxd4 17. Bc4 Ba7 18. Bd3 h5 19. Nb3 $17 (19. g5 $16 Nd7 20. Nc4) 19... Qd7 20. g5 Qxh3 21. gxf6 Qg3+ 22. Kf1 Qh3+ 23. Kg1 Qg3+ 24. Kf1 Qh3+ 1/2-1/2

[Event "LEM Niedersachsen-A-Open 2025"]
[Site "Verden"]
[Date "2025.01.05"]
[Round "7.9"]
[White "Koch, Yannick"]
[Black "Soellig, Martin"]
[Result "1/2-1/2"]
[ECO "E47"]
[WhiteElo "2024"]
[BlackElo "1930"]
[Annotator "RC"]
[PlyCount "84"]
[EventDate "2024.12.27"]
[EventType "swiss"]
[EventCountry "GER"]
[SourceTitle "playchess.com"]
[Source "ChessBase"]
[SourceQuality "1"]
[TimeControl "40/5400+30:1800+30"]

1. d4 e6 2. c4 Nf6 3. Nc3 Bb4 4. e3 O-O 5. Bd3 c5 6. Nge2 d6 7. O-O Bxc3 8. Nxc3 Nc6 9. d5 exd5 10. cxd5 Ne5 11. Be2 Re8 12. e4 a6 13. a4 h6 14. h3 Qe7 15. Re1 Ng6 16. Bf1 Qe5 17. g3 Bd7 18. Qc2 Qh5 19. Qe2 Ne5 20. Qxh5 Nxh5 21. Be2 Nf6 22. f4 Ng6 23. Bf1 Re7 24. Bd2 Rae8 25. Bg2 b5 26. axb5 axb5 27. e5 dxe5 28. f5 Bxf5 29. Nxb5 Rd7 30. d6 e4 31. g4 Be6 32. Bxe4 Nxe4 33. Rxe4 Rb8 34. Ra5 Rdb7 35. Nc7 Rxb2 36. Be1 Rd8 37. Nxe6 fxe6 38. Ra6 e5 39. Rc6 Rc2 40. d7 Nf8 41. Rxe5 Rxd7 42. Rcxc5 Rxc5 1/2-1/2

[Event "LEM Niedersachsen-A-Open 2025"]
[Site "Verden"]
[Date "2025.01.05"]
[Round "7.10"]
[White "Muecke, Leonard"]
[Black "Kiesel, Lucas"]
[Result "1/2-1/2"]
[ECO "B21"]
[WhiteElo "1853"]
[BlackElo "2023"]
[Annotator "RC"]
[PlyCount "52"]
[EventDate "2024.12.27"]
[EventType "swiss"]
[EventCountry "GER"]
[SourceTitle "playchess.com"]
[Source "ChessBase"]
[SourceQuality "1"]
[TimeControl "40/5400+30:1800+30"]

1. e4 c5 2. d4 cxd4 3. c3 dxc3 4. Nxc3 Nc6 5. Nf3 e6 6. Bc4 Bb4 7. O-O Nge7 8. Nb5 d5 9. Bf4 O-O 10. exd5 Nxd5 11. Bxd5 exd5 12. Nc7 Rb8 13. Qxd5 Qf6 14. Qc4 Bd6 15. Nd5 Qd8 16. Rad1 Be6 17. Qa4 Bxf4 18. Nxf4 Qf6 19. Nxe6 Qxe6 20. Nd4 Qg4 21. f3 Qf4 22. g3 Qe3+ 23. Kg2 Rbd8 24. Nxc6 Rxd1 25. Qxd1 bxc6 26. Rf2 g6 1/2-1/2

[Event "LEM Niedersachsen-A-Open 2025"]
[Site "Verden"]
[Date "2025.01.05"]
[Round "7.11"]
[White "Schumann, Steffen"]
[Black "Stoy, Ulf"]
[Result "1/2-1/2"]
[ECO "B06"]
[WhiteElo "2002"]
[BlackElo "1918"]
[Annotator "NA RC"]
[PlyCount "45"]
[EventDate "2024.12.27"]
[EventType "swiss"]
[EventCountry "GER"]
[SourceTitle "playchess.com"]
[Source "ChessBase"]
[SourceQuality "1"]
[TimeControl "40/5400+30:1800+30"]

1. e4 g6 2. d4 Bg7 3. Nc3 d6 4. f4 a6 5. a4 Nc6 6. Be3 e6 7. Nf3 Nge7 8. Bd3 Nb4 9. O-O Nxd3 10. cxd3 b6 11. a5 b5 $14 ({Black should try} 11... bxa5 $11 12. Rxa5 O-O) 12. Qe1 Bb7 13. Qh4 Qd7 14. Rac1 Rc8 15. g4 h5 16. g5 b4 17. Ne2 Qb5 18. Rfd1 Bxe4 19. dxe4 Qxe2 20. Qf2 Qb5 21. Qf1 Qb7 22. Qd3 O-O 23. Bd2 1/2-1/2

[Event "LEM Niedersachsen-A-Open 2025"]
[Site "Verden"]
[Date "2025.01.05"]
[Round "7.12"]
[White "Moeller, Tom"]
[Black "Ploog, Martin"]
[Result "1/2-1/2"]
[ECO "A44"]
[WhiteElo "1802"]
[BlackElo "2001"]
[Annotator "NA RC"]
[PlyCount "37"]
[EventDate "2024.12.27"]
[EventType "swiss"]
[EventCountry "GER"]
[SourceTitle "playchess.com"]
[Source "ChessBase"]
[SourceQuality "1"]
[TimeControl "40/5400+30:1800+30"]

1. d4 c5 2. d5 e5 3. Nc3 d6 4. e4 a6 5. a4 Be7 6. Nf3 Bg4 7. Be2 Bxf3 8. Bxf3 Bg5 9. O-O Bxc1 10. Qxc1 Nd7 11. Nd1 Ne7 12. Ne3 O-O 13. Qd2 g6 14. Be2 f5 15. f3 Nf6 16. Bd3 f4 17. Nc4 $14 Qc7 18. a5 g5 19. b4 1/2-1/2

[Event "LEM Niedersachsen-A-Open 2025"]
[Site "Verden"]
[Date "2025.01.05"]
[Round "7.13"]
[White "Ehlert, Horst"]
[Black "Amrhein, Thorsten"]
[Result "1/2-1/2"]
[ECO "D02"]
[WhiteElo "1929"]
[BlackElo "1979"]
[Annotator "RC"]
[PlyCount "77"]
[EventDate "2024.12.27"]
[EventType "swiss"]
[EventCountry "GER"]
[SourceTitle "playchess.com"]
[Source "ChessBase"]
[SourceQuality "1"]
[TimeControl "40/5400+30:1800+30"]

1. d4 d5 2. Nf3 Nf6 3. Bf4 c5 4. e3 Qb6 5. Qc1 cxd4 6. exd4 Nc6 7. c3 Bf5 8. Nbd2 Rc8 9. a3 e6 10. Be2 Be7 11. O-O O-O 12. b4 Ne4 13. Qb2 Qd8 14. Nxe4 Bxe4 15. Rfe1 Bd6 16. Bxd6 Qxd6 17. Rac1 Rc7 18. Qd2 Rfc8 19. Ng5 Bf5 20. Bd3 Ne7 21. Bxf5 Nxf5 22. g4 Ne7 23. h4 h6 24. Nf3 Ng6 25. h5 Qf4 26. Qxf4 Nxf4 27. Re3 Rxc3 28. Rce1 Rxe3 29. fxe3 Nd3 30. Rd1 Nb2 31. Ra1 Rc3 32. Kf2 Nc4 33. a4 Nxe3 34. g5 hxg5 35. Nxg5 Nf5 36. Nf3 Rc4 37. Ne5 Nxd4 38. Nxc4 dxc4 39. Rc1 1/2-1/2

[Event "LEM Niedersachsen-A-Open 2025"]
[Site "Verden"]
[Date "2025.01.05"]
[Round "7.15"]
[White "Belakhin, Alexander"]
[Black "Thieu, Nguyen Gia Bao"]
[Result "0-1"]
[ECO "E24"]
[WhiteElo "1945"]
[BlackElo "1898"]
[Annotator "NA RC"]
[PlyCount "86"]
[EventDate "2024.12.27"]
[EventType "swiss"]
[EventCountry "GER"]
[SourceTitle "playchess.com"]
[Source "ChessBase"]
[SourceQuality "1"]
[TimeControl "40/5400+30:1800+30"]

1. d4 Nf6 2. c4 e6 3. Nc3 Bb4 4. a3 Bxc3+ 5. bxc3 b6 6. Bg5 h6 7. Bh4 g5 {[%emt 0:00:10] E24: Nimzo-Indian: Sämisch: Unusual Black 5th moves and 5...c5 sidelines.} 8. Bg3 Ne4 9. Be5 f6 10. Qd3 Bb7 11. Bg3 f5 12. Be5 Rg8 13. f3 d6 14. fxe4 Bxe4 15. Qh3 dxe5 16. Qxh6 Qe7 17. Nf3 Nd7 18. Qh5+ Kd8 19. Nd2 Nf6 $19 20. Qh3 exd4 21. Nxe4 Nxe4 22. cxd4 Kd7 23. Qd3 Rad8 24. g3 Ke8 25. Bg2 Nf6 26. e4 c5 27. d5 fxe4 28. Qc2 exd5 29. cxd5 Rxd5 30. O-O Re5 31. Qc4 Qe6 32. Qa6 Qe7 33. Qc8+ Kf7 34. Qg4 Kg7 35. Qe2 Rd8 36. Rf2 e3 37. Rf3 Rd2 38. Qc4 e2 39. Re1 Qd6 40. Qc3 Qd4+ 41. Kh1 Qxc3 42. Rxc3 Rd1 43. Rc1 Rxc1 0-1

[Event "LEM Niedersachsen-A-Open 2025"]
[Site "Verden"]
[Date "2025.01.05"]
[Round "7.16"]
[White "Martin, Dennis"]
[Black "Freise, Linus"]
[Result "1/2-1/2"]
[ECO "A45"]
[WhiteElo "2005"]
[BlackElo "1723"]
[Annotator "RC"]
[PlyCount "54"]
[EventDate "2024.12.27"]
[EventType "swiss"]
[EventCountry "GER"]
[SourceTitle "playchess.com"]
[Source "ChessBase"]
[SourceQuality "1"]
[TimeControl "40/5400+30:1800+30"]

1. d4 e6 2. e4 c5 3. d5 exd5 4. exd5 d6 5. Bd3 Nf6 6. c4 Be7 7. Nc3 O-O 8. Nge2 Nbd7 9. f4 Re8 10. O-O Nf8 11. Qc2 a6 12. b3 Bd7 13. a4 Rb8 14. Ng3 Ng6 15. Nce4 b5 16. axb5 axb5 17. Bb2 bxc4 18. bxc4 Nxe4 19. Nxe4 Bf5 20. Qc3 Rxb2 21. Qxb2 Bxe4 22. Bxe4 Bf6 23. Qc2 Bxa1 24. Rxa1 Qf6 25. Rd1 Qxf4 26. Bxg6 Qe3+ 27. Qf2 hxg6 1/2-1/2

[Event "LEM Niedersachsen-A-Open 2025"]
[Site "Verden"]
[Date "2025.01.05"]
[Round "7.17"]
[White "Ophardt, Paul"]
[Black "Stein, Luis"]
[Result "1-0"]
[ECO "A40"]
[WhiteElo "2015"]
[BlackElo "1899"]
[Annotator "RC"]
[PlyCount "93"]
[EventDate "2024.12.27"]
[EventType "swiss"]
[EventCountry "GER"]
[SourceTitle "playchess.com"]
[Source "ChessBase"]
[SourceQuality "1"]
[TimeControl "40/5400+30:1800+30"]

1. d4 e6 2. c4 b6 3. a3 Bb7 4. Nc3 f5 5. d5 e5 6. e4 Ne7 7. Nf3 d6 8. Bd3 f4 9. g3 fxg3 10. fxg3 h6 11. Nh4 Nd7 12. O-O Nf6 13. Be2 Qc8 14. Be3 h5 15. Bg5 Neg8 16. Ng6 Rh7 17. Nxf8 Kxf8 18. Kg2 Ke8 19. b4 a5 20. Qd3 Qd7 21. Bf3 Bc8 22. Kh1 g6 23. Rfc1 Qh3 24. Bg2 Ng4 25. Bxh3 Nf2+ 26. Kg2 Nxd3 27. Bxc8 Rxc8 28. Rcb1 axb4 29. axb4 c5 30. dxc6 Rhc7 31. b5 Rb8 32. Rd1 Nb2 33. Rxd6 Nxc4 34. Rxg6 Kf7 35. Rxg8 Kxg8 36. Nd5 Rf7 37. Rc1 Nd6 38. c7 Rc8 39. Ne7+ Rxe7 40. Bxe7 Nxb5 41. Bd8 Kg7 42. Rc6 Kf7 43. Kh3 Ke8 44. Rxb6 Nxc7 45. Bxc7 Rxc7 46. Re6+ Kf8 47. Rxe5 1-0

[Event "LEM Niedersachsen-A-Open 2025"]
[Site "Verden"]
[Date "2025.01.05"]
[Round "7.18"]
[White "Rieping, Lea"]
[Black "Zweigait, Leon"]
[Result "1/2-1/2"]
[ECO "D00"]
[WhiteElo "1973"]
[BlackElo "1865"]
[Annotator "NA RC"]
[PlyCount "68"]
[EventDate "2024.12.27"]
[EventType "swiss"]
[EventCountry "GER"]
[SourceTitle "playchess.com"]
[Source "ChessBase"]
[SourceQuality "1"]
[TimeControl "40/5400+30:1800+30"]

1. d4 Nf6 2. Nc3 d5 3. Bf4 a6 4. e3 e6 5. Nf3 b5 6. Bd3 {[%emt 0:03:16] D00: 1 d4 d5: Unusual lines.} Nbd7 7. O-O Bb7 8. Ne5 c5 9. dxc5 Bxc5 10. Ne2 O-O 11. Nd4 Nxe5 12. Bxe5 Nd7 13. Bg3 Qe7 14. Re1 Rac8 15. Nb3 e5 16. Nxc5 (16. a4 $14 {is superior.}) 16... Rxc5 17. c3 Rd8 18. a4 Qe6 19. axb5 axb5 20. Qb3 Qb6 21. Bf5 $14 ({White should play} 21. Qb4 $16) 21... Qc6 22. Bxd7 Rxd7 23. f3 f6 24. e4 Kf8 25. exd5 Qxd5 26. Qxd5 Rcxd5 27. Kf2 Rd2+ 28. Re2 Rxe2+ 29. Kxe2 Bd5 30. Rd1 Ke7 31. Bf2 Ke6 32. Ra1 Bc4+ 33. Ke1 Kf5 34. Ra7 Rxa7 1/2-1/2

[Event "LEM Niedersachsen-A-Open 2025"]
[Site "Verden"]
[Date "2025.01.05"]
[Round "7.19"]
[White "Aden, Keno"]
[Black "Gottschalk, Siegfried"]
[Result "1-0"]
[ECO "D73"]
[WhiteElo "1889"]
[BlackElo "1936"]
[Annotator "NA RC"]
[PlyCount "49"]
[EventDate "2024.12.27"]
[EventType "swiss"]
[EventCountry "GER"]
[SourceTitle "playchess.com"]
[Source "ChessBase"]
[SourceQuality "1"]
[TimeControl "40/5400+30:1800+30"]

1. d4 Nf6 2. c4 g6 3. Nf3 Bg7 4. g3 c5 5. Bg2 cxd4 6. Nxd4 O-O 7. O-O d5 8. cxd5 Nxd5 9. Nb5 a6 10. Bxd5 axb5 11. Qb3 Nc6 12. Bxc6 bxc6 13. Rd1 Qc7 14. Nc3 Bh3 15. Be3 Rfd8 $15 16. Rxd8+ Rxd8 17. Rd1 h5 18. f3 b4 19. Rxd8+ Qxd8 20. Ne4 Be6 21. Qxb4 Qd1+ 22. Kf2 Qh1 23. Qb8+ Kh7 24. Ng5+ Kh6 25. Nxe6+ 1-0

[Event "LEM Niedersachsen-A-Open 2025"]
[Site "Verden"]
[Date "2025.01.05"]
[Round "7.20"]
[White "Gehrke, Mathias"]
[Black "Boehnke, Marc"]
[Result "1/2-1/2"]
[ECO "A33"]
[WhiteElo "1873"]
[BlackElo "1927"]
[Annotator "NA RC"]
[PlyCount "80"]
[EventDate "2024.12.27"]
[EventType "swiss"]
[EventCountry "GER"]
[SourceTitle "playchess.com"]
[Source "ChessBase"]
[SourceQuality "1"]
[TimeControl "40/5400+30:1800+30"]

1. d4 Nf6 2. g3 e6 3. Bg2 c5 4. Nf3 Nc6 5. O-O Be7 6. c4 cxd4 7. Nxd4 a6 8. Nc3 O-O 9. Nb3 Ne5 10. c5 Qc7 11. Na4 $16 d6 12. cxd6 Bxd6 13. Bf4 Bd7 14. Rc1 Bc6 15. Bxc6 bxc6 16. Nd4 Rfd8 17. Qc2 Rac8 18. Nc5 Qb6 19. Ndb3 Nd5 20. Bd2 Nb4 21. Bxb4 Qxb4 22. Rfd1 a5 23. Rd4 Qb6 24. Rcd1 Be7 25. Rxd8+ Bxd8 26. Qe4 Bf6 27. Kg2 Qc7 28. f4 Ng6 29. Rd7 Qb8 30. f5 exf5 31. Qxf5 Re8 32. e4 Qb5 33. a4 Qe2+ 34. Qf2 Qxf2+ 35. Kxf2 Bxb2 36. Nxa5 Ne5 37. Rd1 f6 38. Nab3 Ra8 39. Rd2 Bc3 40. Rc2 Bb4 1/2-1/2

[Event "LEM Niedersachsen-A-Open 2025"]
[Site "Verden"]
[Date "2025.01.05"]
[Round "7.21"]
[White "Holtwessels, Jan"]
[Black "Monnerjahn, Lukas"]
[Result "1-0"]
[ECO "B22"]
[WhiteElo "1812"]
[BlackElo "1909"]
[Annotator "RC"]
[PlyCount "149"]
[EventDate "2024.12.27"]
[EventType "swiss"]
[EventCountry "GER"]
[SourceTitle "playchess.com"]
[Source "ChessBase"]
[SourceQuality "1"]
[TimeControl "40/5400+30:1800+30"]

1. e4 c5 2. Nf3 Nc6 3. c3 Nf6 4. e5 Nd5 5. Bc4 Nb6 6. Bb3 d5 7. exd6 exd6 8. d4 c4 9. Bc2 Bg4 10. O-O Be7 11. h3 Bh5 12. a4 O-O 13. a5 Nd7 14. a6 b5 15. Re1 d5 16. Bf4 Nf6 17. Nbd2 Bd6 18. Bg5 Be7 19. Qb1 Bg6 20. Bxg6 hxg6 21. Ne5 Nxe5 22. dxe5 Nd7 23. Bxe7 Qxe7 24. Nf3 Nc5 25. Nd4 Nd3 26. Re3 Rae8 27. Ra5 Qg5 28. Nf3 Qf4 29. Rxb5 Rxe5 30. Rxe5 Nxe5 31. Nxe5 Qxe5 32. Qd1 Rd8 33. Rb7 d4 34. Rxa7 d3 35. Qd2 Qe2 36. Qf4 Qe8 37. Qd2 Qe2 38. Qg5 Qe8 39. Re7 Qf8 40. Re1 d2 41. Rd1 Qe8 42. Kh2 Qd7 43. a7 Qc7+ 44. g3 Ra8 45. Rxd2 Qxa7 46. Qh4 Rc8 47. Qg4 Qc5 48. Qf4 Qb6 49. Rd7 Qf6 50. Qxf6 gxf6 51. Kg2 Rb8 52. Rc7 Rxb2 53. Rxc4 Kf8 54. h4 Ke7 55. g4 f5 56. gxf5 gxf5 57. Kg3 Kf6 58. Rc6+ Kg7 59. c4 Rc2 60. Rc8 Rc3+ 61. f3 Rc1 62. c5 Rg1+ 63. Kf4 Rh1 64. Kg5 Rg1+ 65. Kxf5 Rh1 66. Kg4 Rg1+ 67. Kh3 Rh1+ 68. Kg3 Rg1+ 69. Kh2 Rc1 70. c6 Kf6 71. Kg3 Rg1+ 72. Kf4 Rh1 73. Kg4 Rg1+ 74. Kh5 Rg7 75. c7 1-0